 Dungeon Crawl Stone Soup version 0.30.0-29-ga12c61a403 (webtiles) character file.

Game seed: 18245311375135452577

249 Fodor the Covered (level 5, -7/47 HPs)
             Began as a Minotaur Fighter on June 15, 2023.
             Mangled by an orc warrior
             ... wielding a +0 halberd
              (18 damage)
             ... on level 4 of the Dungeon.
             The game lasted 00:21:03 (2821 turns).

Fodor the Covered (Minotaur Fighter)                Turns: 2821, Time: 00:21:04

Health: -7/47      AC:  9    Str: 29    XL:     5   Next: 86%
Magic:  4/4        EV: 10    Int:  5    God:
Gold:   204        SH:  4    Dex:  9    Spells: 4/4 levels left

rFire   . . .        x - +2 trident (flame)
rCold   . . .        c - +0 buckler
rNeg    . . .        b - +0 scale mail
rPois   .            q - +1 hat
rElec   .            (no cloak)
rCorr   .            u - +0 pair of gloves
SInv    .            (no boots)
Will    .....        (no amulet) Stlth
                     j - +6 ring of strength
HPRegen 0.27/turn    (no ring)
MPRegen 0.09/turn

%: no passive effects
@: no status effects
A: horns 2, retaliatory headbutt
a: no special abilities


You were on level 4 of the Dungeon.
You visited 1 branch of the dungeon, and saw 4 of its levels.
You also visited: Sewer.

You collected 204 gold pieces.

Inventory:

Hand Weapons
 k - a +1 short sword of draining
 x - a +2 trident of flaming (weapon)
Missiles
 e - 11 poisoned darts (quivered)
 g - 30 stones
 v - a throwing net
Armour
 b - a +0 scale mail (worn)
 c - a +0 buckler (worn)
 q - a +1 hat (worn)
 u - a +0 pair of gloves (worn)
Jewellery
 f - a ring of magical power
 j - a +6 ring of strength (left hand)
 n - a ring of positive energy
 A - a ring of protection from fire
Wands
 w - a wand of iceblast (14)
Scrolls
 a - a scroll of butterflies {unknown}
 i - a scroll of brand weapon {unknown}
 l - 2 scrolls of immolation {unknown}
 o - 2 scrolls of vulnerability {unknown}
 p - a scroll of blinking
 r - 4 scrolls of enchant weapon
 s - 2 scrolls of magic mapping
 t - a scroll of teleportation {unknown}
 y - a scroll of poison {unknown}
Potions
 d - 3 potions of might
 h - 2 potions of heal wounds
 m - 2 potions of flight {unknown}
 z - a potion of haste {unknown}


   Skills:
 + Level 4.5 Fighting
 + Level 2.0(3.0) Short Blades
 + Level 3.7(4.1) Long Blades
 + Level 0.6 Polearms
 + Level 0.2 Throwing
 + Level 4.9 Armour
 + Level 1.9 Dodging
 + Level 4.5 Shields


You had 4 spell levels left.
You didn't know any spells.
Your spell library contained the following spells:

 Spells                   Type           Power      Damage    Failure   Level
 Apportation              Tloc           0%         N/A       77%         1
 Necrotise                Necr           0%         1d4       77%         1
 Summon Small Mammal      Summ           0%         N/A       77%         1


Dungeon Overview and Level Annotations

Branches:
Dungeon (4/15)             Temple (0/1) D:4           Sewer (visited)

Altars:
Fedhas
Hepliaklqana
Nemelex Xobeh
Xom


Innate Abilities, Weirdness & Mutations

You have a pair of horns on your head.
You reflexively headbutt those who attack you in melee.


Message History

Found 5 stones and 17 gold pieces.
Found a stone staircase leading down.
Things that are here:
a +0 whip; a kobold corpse An orc comes into view.
It is wielding a +2 whip of electrocution.
The orc shouts!
An orc wizard comes into view. It is wielding a +0 dagger.
An orc comes into view. It is wielding a +0 trident.
The orc shouts!
An orc warrior comes into view.
It is wielding a +0 halberd and wearing a +1 plate armour of poison resistance.
Found 14 gold pieces.
The orc warrior shouts!
The orc wizard hits you but does no damage.
The orc hits you with a +2 whip of electrocution.
The orc wizard closely misses you. The orc hits you but does no damage.
You closely miss the orc wizard. Your headbutt misses the orc wizard.
The orc hits you but does no damage. The orc wizard barely misses you.
The orc hits you but does no damage.
You are electrocuted!
The orc wizard hits you with a +0 dagger.
You block the orc's attack.
You puncture the orc wizard! You burn the orc wizard.
You kill the orc wizard!
The orc hits you but does no damage.
The orc warrior hits you but does no damage.
You block the orc's attack.
Things that are here:
a +0 dagger; a +0 robe; an orc corpse You hit the orc warrior.
You burn the orc warrior.
The orc warrior is moderately wounded.
The orc warrior closely misses you. You block the orc's attack.
The orc closely misses you. The orc warrior closely misses you.
You furiously retaliate!
You headbutt the orc warrior. You hit the orc warrior.
You burn the orc warrior. You headbutt the orc warrior.
The orc warrior is severely wounded.
The orc closely misses you. The orc hits you but does no damage.
You are electrocuted!
* * * LOW HITPOINT WARNING * * *
The orc warrior hits you with a +0 halberd!!
You die...

#...###.#####.......~~⌠...
#......<....#........⌠~~..
#######.##.##.....~~....~.
..........#....~..~~..~.
..........<...~....~~..
##.......#.....~~......
...............~~.....
#####.o##.....###~~~~~~#
.$....o@o...######~~~~##
########.........#######
#.....#.##......)#
#.....#.########..
.#........# ##.
>..#........###### #.
...#.............# ##
⌠.⌠.#.............#
....######........####


You could see an orc warrior and 2 orcs.

Vanquished Creatures
  Pargi (Sewer)
  An orc wizard (D:4)
  3 adders (D:3)
  2 dart slugs (D:1)
  3 worms
  4 orcs
  10 bats
  6 endoplasms
  3 giant cockroaches
  8 goblins
  4 hobgoblins
  10 quokkas
  10 ball pythons
  6 frilled lizards
  6 kobolds
  10 rats
87 creatures vanquished.

Notes
Turn   | Place    | Note
-------+----------+-------------------------------------------
     0 | D:1      | Fodor the Minotaur Fighter began the quest for the Orb.
     0 | D:1      | Reached XP level 1. HP: 19/19 MP: 0/0
   302 | D:1      | Reached XP level 2. HP: 27/27 MP: 1/1
   792 | D:1      | Reached XP level 3. HP: 31/33 MP: 2/2
  1553 | D:2      | Found a faded altar of an unknown god.
  1755 | D:3      | Reached XP level 4. HP: 41/41 MP: 3/3
  1846 | D:3      | Reached skill level 1 in Dodging
  1886 | D:3      | Found a glowing drain.
  1913 | Sewer    | Entered a sewer
  1947 | Sewer    | Noticed Pargi
  1962 | Sewer    | Killed Pargi
  1963 | Sewer    | Reached skill level 1 in Short Blades
  1963 | Sewer    | Reached XP level 5. HP: 42/47 MP: 4/4
  2104 | D:3      | Found a hazy altar of Hepliaklqana.
  2106 | D:3      | Found a shimmering altar of Xom.
  2110 | D:3      | Noticed a spectral ugly thing
  2658 | D:4      | Found a sparkling altar of Nemelex Xobeh.
  2658 | D:4      | Found a blossoming altar of Fedhas.
  2764 | D:4      | Found a staircase to the Ecumenical Temple.
  2814 | D:4      | Noticed an orc warrior
  2821 | D:4      | Mangled by an orc warrior

Illustrated notes

Levels and vault maps discovered:
D:1:      tarquinn_simple_flora_water_a, layout_basic, serial_aquarium,
          aquarium_bridge_square [aquarium_subvault_window,
          aquarium_subvault_wall, aquarium_subvault_bridge,
          aquarium_subvault_bridge], aquarium_bridge_square
          [aquarium_subvault_wall, aquarium_subvault_balcony,
          aquarium_subvault_bridge, aquarium_subvault_bridge],
          aquarium_window_corridor_2, aquarium_window_1, aquarium_view_2c,
          aquarium_view_2a, aquarium_balcony_1b, st_stairs_1
D:2:      layout_basic, hellmonk_ecumenical_altar_lost_god
D:3:      minmay_chambers_of_threes, layout_rooms,
          regret_index_temple_of_mockery, gup_sewer_entry_pipe,
          patterned_corridor
D:4:      cheibrodos_helix_gallery, layout_basic,
          nicolae_overflow_two_pavilions, minmay_temple_entry_from_below_b

Skill      XL: |  1  2  3  4  5 |
---------------+----------------+-----
Fighting       | 4 |  4.5
Armour         | 4 |  4.9
Long Blades    | 3 |  3.7
Shields        | 4 |  4.5
Dodging        | 1 |  1.9
Short Blades   | 1 2 |  2.0
Polearms       | |  0.6
Throwing       | |  0.2

Action                     |  1- 3 |  4- 6 || total
---------------------------+-------+-------++-------
  Melee: Long sword        |    52 |       ||    52
         Headbutt          |    11 |    10 ||    21
         Short sword       |    34 |    41 ||    75
         Trident           |       |    48 ||    48
  Throw: Dart              |       |     2 ||     2
    Use: Scroll            |     2 |     2 ||     4
 Armour: Scale mail        |    55 |    65 ||   120
  Dodge: Dodged            |    57 |    66 ||   123
  Block: Buckler           |    22 |    33 ||    55
